 Dungeon Crawl Stone Soup version 0.29.1-2-gbd0b4ee654 (webtiles) character file.

Game seed: 16870022282496962037

1000 zeram the Grave Robber (level 8, 0/56 (58) HPs)
             Began as a Gnoll Necromancer on Nov 6, 2022.
             Was an Initiate of Gozag.
             Slain by a wight
             ... wielding a +1 dire flail
              (7 damage)
             ... on level 6 of the Dungeon.
             The game lasted 00:12:47 (8959 turns).

zeram the Grave Robber (Gnoll Necromancer)          Turns: 8959, Time: 00:12:47

HP:   0/56 (58)     AC:  3    Str:  8    XL:     8   Next: 19%
MP:   11/17         EV: 14    Int: 17    God:    Gozag
Gold: 871           SH:  5    Dex: 12    Spells: 7/19 levels left

rFire   . . .      SeeInvis .   l - +1 falchion (holy)
rCold   . . .      Faith    .   (no shield)
rNeg    . . .      Spirit   .   a - +0 robe
rPois   .          Reflect  +   (no helmet)
rElec   .          Harm     .   (no cloak)
rCorr   .          Rampage  .   o - +0 pair of gloves
Will    .....                   (no boots)
Stlth   +++.......              k - amulet of reflection
HPRegen 0.18/turn               (no ring)
MPRegen 0.15/turn               (no ring)

@: gold aura, lightly drained
A: fangs 1, strong nose, distributed training
a: Renounce Religion, Potion Petition, Call Merchant, Bribe Branch


You were on level 6 of the Dungeon.
You worshipped Gozag.
Gozag was pleased with you.
You visited 2 branches of the dungeon, and saw 7 of its levels.

You collected 1275 gold pieces.
You spent 330 gold pieces at shops.
You paid 74 gold pieces to Gozag.

Inventory:

Hand Weapons
 e - a +0 whip
 l - a +1 falchion of holy wrath (weapon)
Missiles
 s - a throwing net
Armour
 a - a +0 robe (worn)
 o - a +0 pair of gloves (worn)
Jewellery
 f - an amulet of the acrobat
 k - an amulet of reflection (around neck)
 u - a +6 ring of dexterity
Scrolls
 j - 3 scrolls of poison
 q - a scroll of fear
 t - a scroll of fog
Potions
 b - a potion of magic
 c - 3 potions of might
 d - a potion of curing
 h - a potion of degeneration
 i - a potion of heal wounds
 m - a potion of mutation
 n - 3 potions of lignification
 p - a potion of attraction {unknown}


   Skills:
 + Level 3.1 Fighting
 + Level 3.1 Short Blades
 + Level 3.1 Long Blades
 + Level 3.1 Axes
 + Level 3.1 Maces & Flails
 + Level 3.1 Polearms
 + Level 3.1 Staves
 + Level 3.1 Ranged Weapons
 + Level 3.1 Throwing
 + Level 3.1 Armour
 + Level 5.6 Dodging
 + Level 5.3 Stealth
 + Level 3.1 Shields
 + Level 3.1 Unarmed Combat
 + Level 6.0 Spellcasting
 + Level 2.5 Conjurations
 + Level 2.5 Hexes
 + Level 2.5 Summonings
 + Level 7.6 Necromancy
 + Level 2.5 Translocations
 + Level 2.5 Transmutations
 + Level 2.5 Fire Magic
 + Level 2.5 Ice Magic
 + Level 2.5 Air Magic
 + Level 2.5 Earth Magic
 + Level 2.5 Poison Magic
 + Level 3.5 Invocations
 + Level 3.1 Evocations


You had 7 spell levels left.
You knew the following spells:

 Your Spells              Type           Power      Damage    Failure   Level
a - Necrotise             Necr           100%       1d9       1%          1
b - Vampiric Draining     Necr           31%        2d8       1%          3
c - Olgreb's Toxic Radia  Pois           13%        N/A       41%         4
d - Summon Ice Beast      Ice/Summ       13%        N/A       41%         4

Your spell library contained the following spells:

 Spells                   Type           Power      Damage    Failure   Level
 Foxfire                  Conj/Fire      52%        2x1d6     4%          1
 Conjure Flame            Conj/Fire      13%        6-21      14%         3
 Frozen Ramparts          Ice            26%        1d4       14%         3
 Inner Flame              Hex/Fire       13%        N/A       14%         3
 Agony                    Necr           31%        N/A       16%         5
 Flame Wave               Conj/Fire      13%        2d6       41%         4
 Ice Form                 Ice/Tmut       13%        N/A       41%         4
 Ozocubu's Refrigeration  Ice            6%         4d8       100%        7
 Ignition                 Fire           6%         3d4       100%        8
 Animate Dead             Necr           Unusable   N/A       N/A         4

Dungeon Overview and Level Annotations

Branches:
Dungeon (6/15)             Temple (1/1) D:4

Altars:
Ashenzari
Dithmenos
Elyvilon
Fedhas
Gozag
Hepliaklqana
Kikubaaqudgha
Makhleb
Okawaru
Qazlal
Ru
Sif Muna
Trog
Vehumet
Wu Jian
Xom
Yredelemnul
Zin
The Shining One

Shops:
D:2 =


Innate Abilities, Weirdness & Mutations

You have very sharp teeth.
Your uncanny sense of smell can sniff out nearby items.
Your experience applies equally to all skills.


Message History

The wight closely misses you. The wight hits you with a +0 hand axe.
You barely miss the wight.
The wight is almost destroyed.
The wight hits you with a +0 hand axe!
You barely miss the wight.
The wight is almost destroyed.
The wight misses you.
You hit the wight but do no damage.
The wight is almost destroyed.
The wight closely misses you.
You hit the wight but do no damage. You bite the wight, but do no damage.
The wight is almost destroyed.
The wight hits you with a +0 hand axe!
* * * LOW HITPOINT WARNING * * *
You closely miss the wight.
The wight is almost destroyed.
The wight barely misses you.
You hit the wight.
You destroy the wight!
Your Spellcasting skill increases to level 6!
You hit the wight but do no damage. Your bite misses the wight.
The wight barely misses you. The wight misses you.
You hit the wight.
The wight convulses.
The wight is moderately damaged.
The wight barely misses you.
You hit the wight but do no damage. You bite the wight, but do no damage.
The wight is moderately damaged.
The wight barely misses you.
You hit the wight but do no damage.
The wight is moderately damaged.
The wight misses you.
You closely miss the wight.
The wight is moderately damaged.
The wight hits you with a +1 dire flail!
* * * LOW HITPOINT WARNING * * *
You hit the wight.
The wight convulses.
The wight is almost destroyed.
The wight hits you with a +1 dire flail!
You die...
Your body crumbles into a pile of gold.

#.. ∆ ####.##
#.<#...
#.##.$ #.##..
#.##.# ∆
#.##$#
#.##.###.###.
#.@zz$.......
####.###...#.
..... ...
####### ∆.


You could see 2 wights.

Vanquished Creatures
  A water moccasin (D:5)
  An ogre (D:4)
  A black bear (D:6)
  A scorpion (D:4)
  A necrophage (D:5)
  3 wights (D:6)
  2 orc priests (D:5)
  3 hounds
  An iguana (D:5)
  An orc wizard (D:4)
  3 gnolls (D:4)
  9 adders
  An ufetubus (D:4)
  4 worms
  16 orcs
  6 bats
  10 endoplasms
  3 giant cockroaches (D:1)
  2 goblins
  6 hobgoblins
  6 jackals (D:1)
  3 quokkas
  14 ball pythons
  2 frilled lizards (D:1)
  5 kobolds
  7 rats
112 creatures vanquished.

Vanquished Creatures (collateral kills)
  A jackal (D:1)
  A bat (D:3)
2 creatures vanquished.

Grand Total: 114 creatures vanquished

Notes
Turn   | Place    | Note
-------+----------+-------------------------------------------
     0 | D:1      | zeram the Gnoll Necromancer began the quest for the Orb.
     0 | D:1      | Reached XP level 1. HP: 13/13 MP: 6/6
   177 | D:1      | Reached XP level 2. HP: 13/19 MP: 0/7
   721 | D:1      | Identified a scroll of acquirement
   721 | D:1      | Acquired 744 gold pieces
   785 | D:1      | Reached skill level 5 in Spellcasting
   785 | D:1      | Reached XP level 3. HP: 25/25 MP: 6/9
   789 | D:1      | Learned a level 3 spell: Vampiric Draining
  1141 | D:1      | Reached skill level 1 in Invocations
  1290 | D:1      | Found a faded altar of an unknown god.
  1352 | D:2      | Identified the +2 leather armour of the Lair of Beasts
                  | {Dex+2}
  1827 | D:2      | Reached skill level 1 in Fighting
  1827 | D:2      | Reached skill level 1 in Short Blades
  1827 | D:2      | Reached skill level 1 in Long Blades
  1827 | D:2      | Reached skill level 1 in Axes
  1827 | D:2      | Reached skill level 1 in Maces & Flails
  1827 | D:2      | Reached skill level 1 in Polearms
  1827 | D:2      | Reached skill level 1 in Staves
  1827 | D:2      | Reached skill level 1 in Ranged Weapons
  1827 | D:2      | Reached skill level 1 in Throwing
  1827 | D:2      | Reached skill level 1 in Armour
  1827 | D:2      | Reached skill level 1 in Shields
  1827 | D:2      | Reached skill level 1 in Unarmed Combat
  1827 | D:2      | Reached skill level 1 in Evocations
  2063 | D:2      | Reached XP level 4. HP: 32/32 MP: 4/11
  2176 | D:2      | Reached skill level 1 in Conjurations
  2176 | D:2      | Reached skill level 1 in Hexes
  2176 | D:2      | Reached skill level 1 in Summonings
  2176 | D:2      | Reached skill level 1 in Translocations
  2176 | D:2      | Reached skill level 1 in Transmutations
  2176 | D:2      | Reached skill level 1 in Fire Magic
  2176 | D:2      | Reached skill level 1 in Ice Magic
  2176 | D:2      | Reached skill level 1 in Air Magic
  2176 | D:2      | Reached skill level 1 in Earth Magic
  2176 | D:2      | Reached skill level 1 in Poison Magic
  2181 | D:2      | Learned a level 4 spell: Olgreb's Toxic Radiance
  2898 | D:2      | Found a shimmering altar of Xom.
  3230 | D:2      | Found Agar Obb's Jewellery Shoppe.
  3238 | D:2      | Bought an amulet of reflection for 330 gold pieces
  3508 | D:3      | Reached XP level 5. HP: 37/37 MP: 9/12
  4806 | D:4      | Found a bloodstained altar of Trog.
  4814 | D:4      | Found a shadowy altar of Dithmenos.
  4833 | D:4      | Found a staircase to the Ecumenical Temple.
  4869 | Temple   | Entered the Ecumenical Temple
  5090 | Temple   | Became a worshipper of Gozag Ym Sagoz the Greedy
  5758 | D:4      | Reached XP level 6. HP: 40/44 MP: 13/13
  5763 | D:4      | Learned a level 4 spell: Summon Ice Beast
  5807 | D:4      | Found a stormy altar of Qazlal.
  6057 | D:4      | Reached skill level 5 in Dodging
  7086 | D:5      | Entered Level 5 of the Dungeon
  7100 | D:5      | Noticed a water moccasin
  7113 | D:5      | Killed a water moccasin
  7114 | D:5      | Reached XP level 7. HP: 21/51 MP: 5/15
  7704 | D:5      | Identified the +5 whip of Wu Jian {speed, *Rage rElec
                  | Int+3}
  7795 | D:5      | Reached skill level 5 in Stealth
  8932 | D:6      | Reached XP level 8. HP: 41/58 MP: 6/16
  8959 | D:6      | Slain by a wight

Illustrated notes

Levels and vault maps discovered:
D:1:      dpeg_arrival_connections, layout_loops_ring,
          hellmonk_ecumenical_altar_heavens_door
D:2:      layout_loops_corners, serial_shops, shop, basic_altar,
          minmay_snake_closets
D:3:      layout_loops_corners
D:4:      layout_loops_corners, mainiacjoe_overflow_alcove_1,
          mainiacjoe_overflow_big_doors, minmay_temple_entry_stoned_glass,
          nicolae_eternal_life, hangedman_abyss_or_decor_passed, st_stairs_7
D:5:      layout_cave_pods
D:6:      layout_basic, slow_altar_2
Temple:   nicolae_temple_bog_church

Skill      XL: |  1  2  3  4  5  6  7  8 |
---------------+-------------------------+-----
Spellcasting   | 5 6 |  6.0
Invocations    | 1 2 3 |  3.5
Fighting       | 1 2 3 |  3.1
Short Blades   | 1 2 3 |  3.1
Long Blades    | 1 2 3 |  3.1
Axes           | 1 2 3 |  3.1
Maces & Flails | 1 2 3 |  3.1
Polearms       | 1 2 3 |  3.1
Staves         | 1 2 3 |  3.1
Ranged Weapons | 1 2 3 |  3.1
Throwing       | 1 2 3 |  3.1
Armour         | 1 2 3 |  3.1
Shields        | 1 2 3 |  3.1
Unarmed Combat | 1 2 3 |  3.1
Evocations     | 1 2 3 |  3.1
Conjurations   | 1 2 |  2.5
Hexes          | 1 2 |  2.5
Summonings     | 1 2 |  2.5
Translocations | 1 2 |  2.5
Transmutations | 1 2 |  2.5
Fire Magic     | 1 2 |  2.5
Ice Magic      | 1 2 |  2.5
Air Magic      | 1 2 |  2.5
Earth Magic    | 1 2 |  2.5
Poison Magic   | 1 2 |  2.5
Dodging        | 5 |  5.6
Stealth        | 5 |  5.3
Necromancy     | |  7.6

Action                   |  1- 3 |  4- 6 |  7- 9 || total
-------------------------+-------+-------+-------++-------
Melee: Unarmed           |    11 |       |       ||    11
       Bite              |     5 |    22 |    15 ||    42
       Whip              |    63 |   126 |       ||   189
       Punch             |     2 |     2 |     5 ||     9
       Falchion          |       |    96 |   128 ||   224
 Cast: Necrotise         |    45 |    29 |       ||    74
       Vampiric Draining |     2 |    21 |     9 ||    32
  Use: Scroll            |     3 |    12 |     4 ||    19
       Potion            |       |       |     1 ||     1
 Stab: Sleeping          |     1 |    10 |     1 ||    12
       Distracted        |       |     1 |       ||     1
Armor: Robe              |    11 |    35 |    16 ||    62
Dodge: Dodged            |    79 |   156 |   100 ||   335
Block: Other             |       |    37 |    34 ||    71
       Reflection        |       |     1 |       ||     1
